 Dungeon Crawl Stone Soup version 0.27-a0-760-gc38aae387d (webtiles) character file.

Game seed: 17483517979473079249

103 HoaS the Insei (level 4, -1/33 HPs)
             Began as a Djinni Gladiator on Mar 25, 2021.
             Killed by nerve-wracking pain
             ... invoked by an orc priest
              (10 damage)
             ... on level 2 of the Dungeon.
             The game lasted 00:05:14 (1788 turns).

HoaS the Insei (Djinni Gladiator)                   Turns: 1788, Time: 00:05:15

Health: -1/33      AC:  6    Str: 14    XL:     4   Next: 79%
Gold:   53         EV: 12    Int:  9    God:
                   SH:  0    Dex: 15

rFire    + + .     SeeInvis .     - Unarmed
rCold    x . .     Faith    .   (no shield)
rNeg     . . .     Spirit   .   a - +0 leather armour
rPois    ∞         Reflect  .   b - +2 helmet
rElec    .         Harm     .   (no cloak)
rCorr    .         Rampage  .   (no gloves)
Will     .....                  (boots unavailable)
Stlth    +.........             (no amulet)
HPRegen  0.11/turn              (no ring)
MPRegen  0.00/turn              (no ring)

@: flying
A: fire resistance 2, cold vulnerability 1, float, innate caster, hp casting,
extra vitality 1
a: no special abilities


You were on level 2 of the Dungeon.
You visited 1 branch of the dungeon, and saw 3 of its levels.

You collected 53 gold pieces.

Inventory:

Missiles
 c - 3 throwing nets (quivered)
 e - 5 boomerangs
 g - 7 poisoned darts
Armour
 a - a +0 leather armour (worn)
 b - a +2 helmet (worn)
Wands
 h - a wand of flame (22)
Potions
 d - a potion of curing {unknown}
 f - 2 potions of mutation
 i - 4 potions of heal wounds {unknown}


   Skills:
 - Level 2.0 Fighting
 - Level 1.5 Throwing
 - Level 3.2 Dodging
 + Level 5.3 Unarmed Combat


You had 2 spell levels left.
You knew the following spells:

 Your Spells              Type           Power      Damage    Failure   Level
a - Magic Dart            Conj           0%         1d3       45%         1
Your spell library was empty.

Dungeon Overview and Level Annotations

Branches:
Dungeon (3/15)

Altars:

Shops:
D:1 [[[*   D:2 =


Innate Abilities, Weirdness & Mutations

You are immune to poison.
Your flesh is very heat resistant. (rF++)
You are vulnerable to cold. (rC-)
You float through the air rather than walking.
You learn spells naturally, not from books.
Your magical power is your life essence.
You have superior vitality. (+4 HP)


Message History

There is a stone staircase leading up here.
The orc hits you with a +0 mace!
You fly upwards.
There is a stone staircase leading down here.
You punch the orc!
You kill the orc!
Things that are here:
a +0 mace; an orc corpse You start resting.
A bat is nearby!
There is a stone staircase leading down here.
The bat misses you.
You hit the bat.
The bat is moderately wounded.
The bat hits you but does no damage. The bat hits you but does no damage.
The bat closely misses you.
You hit the bat.
You kill the bat!
No target in view!
No target in view!
There is a stone staircase leading down here.
You start resting.
HP restored.
You fly downwards.
The orc priest calls down the wrath of Beogh upon you.
Beogh smites you!
There is a stone staircase leading up here.
The orc priest calls down the wrath of Beogh upon you.
Beogh smites you!
You fly upwards.
There is a stone staircase leading down here.
You closely miss the orc priest. The orc priest completely misses you.
You barely miss the orc priest. The orc priest closely misses you.
You barely miss the orc priest. The orc priest misses you.
You hit the orc priest.
The orc priest is heavily wounded.
The orc priest mumbles some strange prayers to Beogh against you.
Pain shoots through your body!
You die...

.....................<...........
.......................##........
.#.....................#.......##
.##...##....#............#####...
######....#.###.....###..#####.#.
# #...###.#....#..# #......#.## #
#..## #.....##..# ##.........
#####.## #..####..#####.........
#.....# ##.##.@o.#.............
......# #.............÷........
...#### #......................
..## #...................... ..#
#######........†.............
<.###........)...................
......#.........................(
..####..#........................
.#####.#.................########


You could see an orc priest.

Vanquished Creatures
  A hound (D:2)
  Natasha (D:1)
  An adder (D:2)
  A worm (D:3)
  An orc (D:2)
  5 ball pythons
  3 bats
  3 endoplasms
  5 giant cockroaches
  5 goblins
  A hobgoblin (D:1)
  4 kobolds
  3 rats
34 creatures vanquished.

Notes
Turn   | Place    | Note
-------+----------+-------------------------------------------
     0 | D:1      | HoaS the Djinni Gladiator began the quest for the Orb.
     0 | D:1      | Reached XP level 1. HP: 18/18 MP: 0/0
   151 | D:1      | Found Zudos's Armour Emporium.
   153 | D:1      | Found Watzeur's Armour Emporium.
   208 | D:1      | Reached XP level 2. HP: 16/23 MP: 0/0
   326 | D:1      | Found Ziciti's Jewellery Shoppe.
   326 | D:1      | Found Vorph's Armour Emporium.
   476 | D:1      | Found Gagos's Assorted Antiques.
   724 | D:1      | Reached skill level 4 in Unarmed Combat
   962 | D:2      | Noticed Natasha
   967 | D:1      | Reached XP level 3. HP: 28/28 MP: 0/0
   967 | D:1      | Learned a level 1 spell: Magic Dart
   977 | D:1      | Killed Natasha
  1134 | D:2      | Found Jejutuiq's Jewellery Boutique.
  1149 | D:2      | Reached skill level 5 in Unarmed Combat
  1149 | D:2      | Reached XP level 4. HP: 26/33 MP: 0/0
  1788 | D:2      | Killed from afar by an orc priest

Illustrated notes

Levels and vault maps discovered:
D:1:      minmay_arrival_cross, layout_basic, serial_shops, shop_statue,
          nicolae_shop_stone, nicolae_shop_temple_entry_statues_fountains, shop,
          shop
D:2:      layout_rooms, serial_shops, shop, interstate_on_off, uniq_natasha
D:3:      layout_basic

Skill      XL: |  1  2  3 |
---------------+----------+-----
Unarmed Combat | 4 5 |  5.3
Fighting       | |  2.0
Throwing       | |  1.5
Dodging        | |  3.2

Action                   |  1- 3 |  4- 6 || total
-------------------------+-------+-------++-------
Melee: Unarmed           |   101 |    41 ||   142
       Punch             |     1 |     1 ||     2
  Use: Scroll            |     2 |     5 ||     7
 Stab: Sleeping          |     1 |     1 ||     2
Armor: Leather armour    |    26 |    10 ||    36
Dodge: Dodged            |    62 |    21 ||    83

Table legend: (Time is in decaauts)
 A = Elapsed time spent in this place.
 B = Non-inter-level travel time spent in this place.
 C = Inter-level travel time spent in this place.
 D = Time resting spent in this place.
 E = Time spent auto-exploring this place.
 F = Levels seen in this place.
 G = Mean time per level.
                   A        B        C        D        E       F      G
               +--------+--------+--------+--------+--------+-----+--------+
         Total |   1795 |   1752 |     43 |    624 |    782 |   3 |  598.3 |
       Dungeon |   1795 |   1752 |     43 |    624 |    782 |   3 |  598.3 |
               +--------+--------+--------+--------+--------+-----+--------+

Top non-repeatable levels by time:
     D:1: 1108 daAuts
     D:2: 514 daAuts
     D:3: 171 daAuts
